Map: Sanctuaire des ténèbres EC

Players

ShaDoWn

  • Race: Protoss Protoss
  • League: Grandmaster
  • Spawn Location: 1:00

Solar - Winner!

  • Race: Zerg Zerg
  • Spawn Location: 5:00

Event: HomeStory Cup XVII

VOD

Have the link to the VOD?

Description

Time

  • Played on: June 28, 2018, 6:50 p.m.
  • Length: 7:05

All games in this series

Show
View Real Time Build Order
Export as new Build Order

ShaDoWn Protoss 

Build Orders: 1 Gate Expand 

Get SALT Encoding   

  12  0:00  Probe  
  13  0:12  Probe  
  14  0:21  Pylon  
  14  0:25  Probe  
  15  0:36  Probe  
  16  0:43  Gateway  
  16  0:44  Probe  
  17  0:50  Assimilator  
  17  0:53  Probe  
  18  1:05  Probe  
  20  1:25  Nexus  
  19  1:33  Cybernetics Core  
  19  1:37  Zealot  
  21  1:40  Probe  
  22  1:50  Pylon  
  22  1:59  Probe  
  22  2:01  Adept  
  23  2:09  Shield Battery  
  23  2:13  Shield Battery  
  25  2:18  Shield Battery  
  25  2:23  Shield Battery  
  25  2:27  Adept  
  25  2:28  Probe  
  26  2:35  Assimilator  
  26  2:36  Probe  
  27  2:40  Pylon  
  27  2:41  Probe  
  29  2:47  Probe  
  29  2:48  Twilight Council  
  29  2:50  Probe  
  29  2:51  Warp Gate  
  30  2:58  Probe  
  31  2:59  Probe  
  33  3:07  Probe x2  
  35  3:15  Probe  
  35  3:19  Probe  
  37  3:24  Resonating Glaives  
  37  3:25  Probe  
  37  3:28  Gateway  
  37  3:31  Probe  
  39  3:38  Probe, Pylon  
  40  3:42  Probe  
  41  3:49  Gateway  
  41  3:50  Probe x2  
  43  3:58  Probe  
  43  4:02  Adept, Probe  
  47  4:10  Probe  
  47  4:14  Probe  
  47  4:16  Adept  
  51  4:20  Pylon  
  51  4:22  Probe  
  52  4:24  Nexus  
  52  4:26  Probe  
  53  4:32  Pylon  
  53  4:34  Probe  
  53  4:35  Assimilator  
  54  4:39  Assimilator, Shield Battery  
  54  4:45  Probe  
  51  4:50  Probe  
  51  4:57  Probe  
  51  4:58  Adept x3  
  58  5:02  Probe  
  59  5:10  Probe  
  60  5:14  Probe  
  60  5:18  Adept x3  
  67  5:22  Probe  
  67  5:26  Probe  
  67  5:27  Robotics Facility x2  
  69  5:33  Pylon  
  69  5:34  Probe  
  70  5:36  Pylon  
  70  5:38  Probe  
  71  5:44  Sentry  
  71  5:45  Sentry x2  
  71  5:47  Forge  
  71  5:49  Gateway  
  77  5:52  Probe  
  72  6:01  Shield Battery  
  72  6:04  Immortal, Shield Battery  
  70  6:05  Shield Battery  
  70  6:08  Immortal  
  70  6:09  Sentry, Stalker x2  
  72  6:13  Shield Battery  
  75  6:32  Stalker x3  
  71  6:48  Probe  
  71  6:53  Probe  
  68  6:57  Stalker x2  
  68  6:59  Stalker  
Show
View Real Time Build Order
Export as new Build Order

Solar Zerg - Winner!

Build Orders: Pool First 

Get SALT Encoding   

  12  0:01  Drone  
  13  0:13  Drone  
  14  0:15  Extractor  
  14  0:16  Drone  
  14  0:32  Spawning Pool  
  13  0:37  Drone  
  14  0:44  Overlord  
  14  1:06  Drone  
  14  1:10  Drone  
  16  1:18  Metabolic Boost  
  16  1:19  Queen  
  16  1:21  Zergling x2  
  16  1:25  Zergling x2  
  20  1:29  Zergling x2  
  21  1:39  Overlord  
  21  1:50  Drone  
  22  1:59  Hatchery  
  21  2:02  Drone  
  22  2:15  Zergling x2  
  23  2:25  Drone  
  23  2:29  Queen  
  24  2:31  Drone x2  
  24  2:33  Overlord  
  28  2:37  Drone  
  29  2:48  Drone  
  30  3:00  Drone x4  
  34  3:11  Queen  
  34  3:12  Drone x2  
  38  3:19  Lair  
  38  3:22  Drone x2  
  40  3:32  Overlord  
  40  3:33  Drone  
  41  3:40  Drone x3  
  44  3:44  Roach Warren  
  44  3:45  Drone, Evolution Chamber  
  43  3:50  Extractor  
  43  3:51  Zergling x4, Extractor  
  43  3:55  Drone  
  43  3:56  Drone  
  43  3:58  Drone  
  46  4:05  Overlord  
  46  4:13  Drone x4  
  46  4:14  Drone  
  51  4:18  Zerg Missile Weapons Level 1  
  51  4:19  Drone  
  51  4:23  Glial Reconstitution  
  52  4:24  Drone  
  52  4:27  Drone  
  52  4:29  Drone, Extractor  
  53  4:39  Roach x3  
  58  4:46  Roach  
  58  4:48  Overlord  
  58  4:51  Overlord  
  59  4:56  Roach  
  59  5:03  Hatchery  
  59  5:04  Overlord, Hatchery  
  58  5:09  Roach  
  58  5:10  Roach  
  62  5:15  Roach x2  
  62  5:17  Roach  
  68  5:21  Roach  
  68  5:22  Roach  
  68  5:24  Roach  
  68  5:27  Roach  
  76  5:28  Roach  
  76  5:34  Roach x2  
  82  5:38  Roach  
  84  5:43  Overlord  
  84  5:51  Roach  
  84  5:54  Roach  
  84  6:04  Drone x5  
  87  6:05  Drone x3  
  87  6:06  Drone  
  87  6:08  Ravager  
  87  6:10  Drone, Extractor  
  88  6:12  Ravager  
  88  6:14  Infestation Pit  
  87  6:19  Drone x2  
  89  6:28  Drone  
  89  6:29  Drone x2  
  89  6:32  Overlord  
  90  6:34  Overlord  
  90  6:38  Overlord  
  90  6:45  Drone x2  
  90  6:48  Drone  
  90  6:49  Drone  
  90  6:55  Extractor  
  90  6:56  Extractor  
Tags
 
Add a new tag
Caveats
  • Supply blocks, unpowered buildings, or Contaminate may cause inaccurate times.
  • Supply counts are checked every 10 seconds.